Map: Catalyst LE

Players

DeMusliM

  • Race: Terran Terran
  • League: Grandmaster
  • Spawn Location: 11:00

IIIIIlllIII - Winner!

  • Race: Terran Terran
  • League: Master
  • Spawn Location: 5:00

VOD

Have the link to the VOD?

Description

Time

  • Played on: Dec. 21, 2017, 6:46 p.m.
  • Length: 16:08
Show
View Real Time Build Order
Export as new Build Order

DeMusliM Terran 

Build Orders: Gas First Reaper Expand, Reaper Expand, Mech 

Get SALT Encoding   

  12  0:01  SCV  
  13  0:13  SCV  
  14  0:19  Supply Depot  
  14  0:25  SCV  
  15  0:31  Refinery  
  15  0:40  SCV  
  16  0:45  Barracks  
  16  0:52  SCV  
  17  1:05  SCV  
  18  1:17  SCV  
  19  1:33  Orbital Command  
  19  1:34  Reaper  
  20  1:44  Command Center  
  20  1:56  Factory  
  20  2:00  SCV  
  21  2:10  Barracks Reactor  
  21  2:12  SCV  
  21  2:13  Supply Depot  
  22  2:18  Refinery  
  22  2:25  SCV  
  24  2:37  SCV  
  24  2:40  Hellion  
  25  2:49  SCV  
  26  2:52  Supply Depot  
  26  3:01  SCV  
  27  3:06  Cyclone  
  30  3:13  SCV  
  30  3:14  Cyclone  
  33  3:25  SCV  
  30  3:36  Command Center  
  30  3:37  SCV  
  30  3:50  Cyclone  
  30  3:51  Cyclone  
  36  3:56  SCV  
  36  4:00  Supply Depot  
  37  4:07  Engineering Bay  
  37  4:10  SCV  
  38  4:18  Orbital Command  
  38  4:25  SCV  
  39  4:33  Cyclone  
  39  4:36  Missile Turret  
  39  4:37  SCV  
  43  4:42  Missile Turret  
  43  4:46  SCV  
  43  4:50  SCV  
  45  4:59  Orbital Command  
  45  5:01  SCV  
  46  5:09  SCV  
  48  5:14  SCV  
  48  5:21  SCV  
  49  5:24  Factory  
  49  5:25  SCV  
  49  5:26  SCV  
  49  5:27  Refinery  
  51  5:31  Refinery  
  51  5:33  SCV  
  52  5:36  Barracks Reactor  
  52  5:37  SCV  
  52  5:38  SCV  
  52  5:40  Cyclone  
  57  5:45  SCV  
  57  5:49  SCV  
  59  5:50  SCV  
  59  5:51  Cyclone  
  63  5:59  SCV  
  63  6:01  SCV  
  65  6:05  SCV  
  65  6:06  Armory x2  
  66  6:11  SCV  
  66  6:14  Supply Depot  
  66  6:17  Factory Tech Lab  
  67  6:19  Factory  
  67  6:20  Factory  
  67  6:22  Hellion  
  67  6:24  SCV, Hellion  
  67  6:25  SCV  
  73  6:30  Orbital Command  
  73  6:35  Supply Depot, Barracks Tech Lab  
  73  6:36  SCV  
  73  6:37  SCV  
  75  6:40  Factory  
  75  6:43  Siege Tank  
  78  6:50  Hellion x2  
  78  6:51  SCV  
  78  6:52  SCV  
  84  6:58  Terran Vehicle Weapons Level 1  
  84  7:00  Supply Depot  
  84  7:03  SCV  
  84  7:04  SCV  
  86  7:08  Factory Tech Lab  
  86  7:11  Terran Vehicle And Ship Armor Level 1  
  86  7:12  SCV  
  87  7:15  SCV  
  87  7:21  SCV  
  89  7:24  Supply Depot  
  89  7:25  Supply Depot  
  89  7:29  Siege Tank  
  92  7:32  SCV  
  90  7:39  Siege Tank  
  90  7:40  Factory Tech Lab  
  90  7:43  SCV  
  91  7:44  SCV  
  88  7:51  Hellion x2  
  88  7:55  SCV  
  88  7:56  SCV  
  88  7:57  Hellion x2  
  95  8:00  Orbital Command  
  93  8:07  SCV  
  93  8:08  SCV  
  93  8:11  Siege Tank  
  93  8:12  Siege Tank  
  96  8:19  SCV  
  95  8:20  SCV  
  96  8:29  SCV  
  96  8:31  SCV  
  96  8:32  SCV  
  96  8:33  Siege Tank  
  96  8:34  Infernal Pre-Igniter  
  100  8:35  Hellion  
  100  8:36  Hellion x3  
  108  8:41  SCV  
  108  8:42  Refinery  
  108  8:44  SCV x2  
  109  8:48  Siege Tank  
  112  8:58  Supply Depot  
  112  8:59  Supply Depot  
  112  9:02  Hellion x2  
  116  9:08  Missile Turret, Refinery  
  116  9:09  Missile Turret x2  
  116  9:18  Siege Tank  
  116  9:19  Siege Tank  
  116  9:21  Siege Tank, Hellion x2  
  127  9:29  SCV x3  
  106  9:33  Hellion x2  
  110  9:41  SCV x2  
  110  9:43  Missile Turret  
  110  9:44  Missile Turret  
  110  9:45  Missile Turret  
  112  9:50  Hellion  
  112  9:51  Hellion  
  114  10:00  Siege Tank x3  
  123  10:08  Hellion  
  123  10:12  Supply Depot  
  125  10:15  Supply Depot  
  125  10:27  Terran Vehicle Weapons Level 2, Terran Vehicle And Ship Armor Level 2  
  125  10:34  Hellion x3  
  128  10:38  Hellion, Siege Tank  
  128  10:39  Hellion  
  119  10:50  SCV  
  119  10:51  SCV  
  119  10:54  Siege Tank  
  119  10:55  Hellion  
  116  10:57  SCV  
  116  11:00  Siege Tank  
  116  11:03  SCV  
  119  11:04  Hellion x3  
  119  11:08  Supply Depot  
  119  11:09  Supply Depot x2  
  121  11:14  Starport  
  109  11:26  Hellion, Siege Tank x2  
  109  11:27  Missile Turret, Hellion  
  109  11:28  Missile Turret  
  119  11:37  Hellion, Siege Tank  
  118  11:50  Hellion x3  
  114  11:58  Hellion  
  102  12:11  Hellion, Siege Tank x2  
  102  12:12  Hellion  
  110  12:29  Siege Tank  
  107  12:30  Hellion  
  107  12:32  Hellion  
  107  12:33  Hellion  
  109  12:39  Hellion  
  109  12:40  Starport Reactor  
  109  12:43  Siege Tank x2  
  117  12:51  Hellion  
  117  12:54  Hellion  
  119  13:01  Siege Tank  
  122  13:12  Hellion x2  
  126  13:15  Siege Tank x2  
  126  13:19  Hellion x2  
  115  13:25  SCV x2  
  115  13:26  SCV  
  108  13:33  Siege Tank  
  108  13:34  Refinery  
  111  13:35  Hellion x2  
  111  13:40  Missile Turret x2  
  115  13:43  Command Center  
  115  13:44  Missile Turret  
  115  13:46  Missile Turret  
  115  13:47  Siege Tank, Viking  
  119  14:06  Orbital Command  
  109  14:24  Viking x2  
  113  14:36  Hellion x2, Siege Tank x2  
  112  14:44  Refinery  
  105  14:46  Refinery  
  105  14:48  SCV  
  106  14:54  Viking  
  108  15:02  SCV x2  
  108  15:06  Hellion x2  
  110  15:12  Missile Turret  
  110  15:14  Missile Turret  
  110  15:32  Missile Turret  
  110  15:36  Missile Turret  
  110  15:41  Missile Turret, Hellion x3  
  110  15:42  Missile Turret  
  125  15:46  Missile Turret  
Show
View Real Time Build Order
Export as new Build Order

IIIIIlllIII Terran - Winner!

Build Orders: 1/1/1, Cyclone Opening, MMM Bio 

Get SALT Encoding   

  12  0:01  SCV  
  13  0:14  SCV  
  14  0:18  Supply Depot  
  14  0:26  SCV  
  15  0:31  Refinery  
  15  0:40  SCV  
  16  0:45  Barracks  
  16  0:52  SCV  
  17  0:57  Refinery  
  17  1:04  SCV  
  18  1:16  SCV  
  19  1:32  Orbital Command  
  19  1:33  Factory  
  19  1:36  Reaper  
  20  1:44  Supply Depot  
  20  2:00  SCV  
  21  2:08  Reaper  
  22  2:12  SCV  
  23  2:17  Cyclone  
  23  2:22  Starport  
  26  2:24  SCV  
  27  2:30  Supply Depot  
  27  2:36  SCV  
  27  2:44  Barracks Tech Lab  
  27  2:53  Hellion  
  27  2:54  SCV  
  30  3:09  SCV  
  31  3:15  Banshee, Cloaking Field  
  33  3:23  SCV  
  34  3:31  Barracks Reactor  
  33  3:35  SCV  
  33  3:36  Command Center  
  34  3:47  SCV  
  35  3:53  Factory Tech Lab  
  35  3:59  SCV  
  35  4:00  Banshee  
  35  4:02  Supply Depot  
  37  4:11  SCV  
  37  4:13  Marine  
  39  4:22  Marine  
  39  4:24  Bunker, SCV  
  37  4:26  Siege Tank  
  37  4:30  Marine  
  42  4:39  Barracks  
  42  4:40  Barracks  
  42  4:48  Marine x2  
  42  4:52  Orbital Command  
  44  5:00  Siege Tank  
  44  5:03  Starport Reactor  
  44  5:05  SCV  
  45  5:17  SCV  
  45  5:18  Marine x2  
  45  5:19  SCV  
  49  5:29  SCV  
  49  5:31  SCV  
  49  5:32  Siege Tank  
  49  5:34  Engineering Bay  
  49  5:35  Supply Depot, Marine, Stimpack  
  55  5:37  Marine x2  
  57  5:43  Marine x2  
  57  5:45  Starport Reactor  
  57  5:47  Refinery, SCV  
  60  5:53  Supply Depot  
  60  5:54  Supply Depot  
  60  5:55  Marine  
  61  6:02  Terran Infantry Armor Level 1  
  61  6:03  Marine x2  
  63  6:06  SCV x2  
  63  6:07  Marine  
  63  6:09  Marine  
  67  6:13  Marine  
  67  6:15  Siege Tank  
  71  6:20  SCV  
  71  6:23  Marine  
  71  6:24  Marine  
  71  6:25  Medivac  
  76  6:26  Marine  
  76  6:31  Supply Depot  
  77  6:33  Marine x2  
  77  6:36  Medivac  
  77  6:37  Supply Depot  
  77  6:39  SCV  
  82  6:42  Marine x2  
  82  6:44  Marine  
  85  6:49  SCV  
  85  6:53  Marine  
  87  6:55  Marine  
  87  6:56  Supply Depot  
  87  6:57  Supply Depot  
  87  7:00  Siege Tank, Marine  
  92  7:02  Marine  
  92  7:06  Marine  
  95  7:15  SCV  
  95  7:20  Marauder, Marine  
  95  7:21  Marine x2, Medivac  
  99  7:35  Marine  
  99  7:36  Combat Shields  
  100  7:38  Command Center  
  93  7:49  Marine x3  
  92  8:02  Marauder, Marine  
  93  8:07  SCV x2, Marine  
  93  8:08  Terran Infantry Weapons Level 1  
  93  8:09  Refinery  
  93  8:10  Supply Depot  
  94  8:18  Marine x2  
  94  8:19  SCV x2  
  97  8:23  Medivac x2  
  97  8:24  Marauder, Barracks  
  97  8:25  Barracks  
  103  8:31  SCV x2  
  104  8:41  Marine x4  
  105  8:43  SCV, Siege Tank  
  105  8:44  SCV  
  105  8:45  Supply Depot  
  113  8:50  Orbital Command  
  113  8:54  Concussive Shells  
  113  8:57  SCV x2  
  113  8:58  Armory  
  113  8:59  Engineering Bay  
  113  9:02  Marauder  
  117  9:05  Marine x3  
  120  9:12  Barracks Tech Lab x2  
  120  9:13  Marine  
  120  9:15  Medivac  
  123  9:20  SCV  
  105  9:34  Marauder x2, Marine x3  
  105  9:35  Marauder, Marine  
  105  9:36  SCV  
  114  9:39  Orbital Command  
  114  9:42  Siege Tank  
  117  9:52  Marine x2  
  119  9:55  Marauder  
  119  9:56  Marauder  
  119  9:57  Terran Infantry Armor Level 2  
  123  10:01  Marauder  
  123  10:02  SCV  
  126  10:07  Terran Infantry Weapons Level 2  
  126  10:10  SCV  
  127  10:15  SCV  
  127  10:16  Marine x2  
  127  10:17  Marauder  
  132  10:23  SCV, Marine x2  
  124  10:38  Marauder  
  110  10:43  Marauder x2  
  110  10:47  Marine x2  
  107  10:59  Marauder  
  109  11:04  Marine x2  
  109  11:05  Marauder x2, Siege Tank  
  109  11:06  Medivac x2  
  109  11:10  Refinery  
  109  11:11  Marine x2  
  122  11:12  Refinery  
  122  11:13  SCV x2, Barracks x3  
  126  11:20  Terran Vehicle And Ship Armor Level 1, Marauder  
  126  11:23  Command Center  
  128  11:26  Supply Depot, Marauder x2  
  128  11:29  Supply Depot  
  128  11:30  Supply Depot x2  
  132  11:34  Marine x2  
  132  11:38  Marine x2  
  136  11:42  Marauder  
  127  11:47  Marauder x2  
  127  11:52  Marine  
  122  12:03  Marauder  
  122  12:05  Marine x3  
  122  12:07  Barracks Tech Lab x2  
  127  12:09  Marauder x2  
  127  12:13  SCV  
  127  12:17  Marine  
  127  12:18  Terran Infantry Armor Level 3  
  127  12:19  SCV  
  127  12:20  SCV  
  127  12:22  Medivac x2  
  132  12:23  Marine x2  
  132  12:24  Marauder  
  132  12:25  SCV  
  132  12:27  Marauder x2, Marine  
  142  12:30  Marauder, Marine  
  142  12:31  SCV  
  142  12:32  SCV  
  147  12:48  Marauder, Marine  
  147  12:50  Siege Tank  
  153  12:53  Terran Infantry Weapons Level 3  
  153  12:55  SCV, Starport x2  
  148  13:01  Marauder x2  
  148  13:02  Barracks Tech Lab  
  153  13:05  SCV x2  
  153  13:08  Planetary Fortress  
  153  13:09  SCV  
  155  13:17  SCV  
  155  13:19  Liberator x3  
  124  13:39  Marauder x2, Marine x3  
  140  13:44  Marine  
  140  13:45  Marauder x2, Marine x2  
  140  13:47  SCV x2  
  149  13:50  Refinery  
  149  13:51  Refinery  
  149  13:53  Liberator  
  149  13:56  Marine  
  149  14:02  Command Center, Marauder x2, Marine x3  
  156  14:08  Marauder  
  156  14:09  Marauder  
  153  14:29  Marauder x3, Marine x5  
  153  14:30  Viking x2  
  149  14:46  Marauder  
  149  14:47  Marauder, Marine x4  
  157  14:59  Marauder x2, Marine x2  
  157  15:00  Viking x2  
  157  15:02  Starport Reactor, Starport Tech Lab  
  157  15:04  Marine  
  157  15:05  Marine  
  157  15:06  Fusion Core  
  159  15:09  SCV x2  
  161  15:18  Planetary Fortress  
  161  15:29  Marauder x2, Marine  
  161  15:30  Marauder  
  161  15:31  Marine  
  161  15:33  Command Center  
Tags
 
Add a new tag
Caveats
  • Supply blocks, unpowered buildings, or Contaminate may cause inaccurate times.
  • Supply counts are checked every 10 seconds.